 Dungeon Crawl Stone Soup version 0.24.0-123-gd5b16e6ec5 (webtiles) character file.

Game seed: 17125124262035623872, levelgen mode: deterministic

14 Chiseanne the Magician (level 2, -4/21 HPs)
             Began as a Demonspawn Wanderer on Jan 20, 2020.
             Slain by a hobgoblin
             ... wielding a +0 club
              (7 damage)
             ... on level 1 of the Dungeon.
             The game lasted 00:00:31 (181 turns).

Chiseanne the Magician (Demonspawn Wanderer)         Turns: 181, Time: 00:00:32

Health: -4/21      AC:  2    Str: 12    XL:     2   Next: 27%
Magic:  5/5        EV: 11    Int: 15    God:
Gold:   24         SH:  0    Dex: 10    Spells: 5/5 levels left

rFire    . . .     SeeInvis .   a - +2 mace
rCold    . . .     Gourm    .   (no shield)
rNeg     . . .     Faith    .   d - +0 robe
rPois    .         Spirit   .   (no helmet)
rElec    .         Reflect  .   (no cloak)
rCorr    .         Harm     .   (no gloves)
MR       .....                  (no boots)
Stlth    +.........             (no amulet)
HPRegen  0.07/turn              (no ring)
MPRegen  0.09/turn              (no ring)

@: no status effects
A: hooves 1
a: no special abilities


You were on level 1 of the Dungeon.
You were not hungry.

You visited 1 branch of the dungeon, and saw 1 of its levels.

You collected 24 gold pieces.

Inventory:

Hand Weapons
 a - a +2 mace (weapon)
Missiles
 b - 13 stones (quivered)
 c - 26 arrows
Armour
 d - a +0 robe (worn)
Scrolls
 e - a scroll of enchant armour {unknown}
 g - 3 scrolls of fog {unknown}
Comestibles
 f - 2 rations


   Skills:
 * Level 1.3 Fighting
 - Level 1.7 Maces & Flails
 - Level 1.0 Armour
 * Level 1.1 Dodging
 - Level 1.0 Stealth
   Level 1.0 Shields
 - Level 2.0 Spellcasting
   Level 1.7 Charms
   Level 1.0 Fire Magic


You had 5 spell levels left.
You didn't know any spells.
Your spell library contained the following spells:

 Spells                   Type           Power        Failure   Level  Hunger
 Flame Tongue             Conj/Fire      #....        19%         1    #......
 Sting                    Conj/Pois      #...         22%         1    #......
 Conjure Flame            Conj/Fire      #.......     47%         3    ###....
 Mephitic Cloud           Conj/Pois/Air  #.......     54%         3    ###....


Dungeon Overview and Level Annotations

Branches:
Dungeon (1/15)

Altars:


Innate Abilities, Weirdness & Mutations

You have large cloven feet.


Message History

You closely miss the hobgoblin.
The hobgoblin hits you but does no damage.
The hobgoblin misses you.
You hit the hobgoblin. Your kick misses the hobgoblin.
The hobgoblin is severely wounded.
The hobgoblin misses you.
You closely miss the hobgoblin.
The hobgoblin is severely wounded.
The hobgoblin closely misses you.
You hit the hobgoblin but do no damage. Your kick misses the hobgoblin.
The hobgoblin is severely wounded.
The hobgoblin hits you but does no damage.
You hit the hobgoblin but do no damage.
The hobgoblin is severely wounded.
The hobgoblin closely misses you.
You hit the hobgoblin but do no damage.
The hobgoblin is severely wounded.
The hobgoblin hits you but does no damage.
The hobgoblin hits you with a +0 club!
You die...

########.# #...
.........#########.# #
...............#...# .###
#######..#.........###....
# ###...##.............. #
#........#(...........
#####.#...#...##..........
....#.#..#)...#.#g.†......
###.#.#..##....#@##$.....#
# #.#.#.........## #....#.
###.#.....#.....# #..#.#
..........#......# ..# .
###.###...#......(# ..#
..........#.......# ..#
###.####..#.......# ..#
###..# #..##......# #)#.##
#..# .....#


You could see a hobgoblin.

Vanquished Creatures
  2 dart slugs (D:1)
  4 goblins (D:1)
  2 bats (D:1)
  A kobold (D:1)
  2 rats (D:1)
11 creatures vanquished.

Notes
Turn   | Place    | Note
-------+----------+-------------------------------------------
     0 | D:1      | Chiseanne the Demonspawn Wanderer began the quest for the
                  | Orb.
     0 | D:1      | Chiseanne set off with the following items: a +2 mace, a +0
                  | robe, a ration; and the following spells available to
                  | memorise: Flame Tongue, Sting, Conjure Flame, Mephitic
                  | Cloud
     0 | D:1      | Reached XP level 1. HP: 13/13 MP: 3/3
    77 | D:1      | Reached skill level 1 in Fighting
    77 | D:1      | Reached skill level 1 in Dodging
    77 | D:1      | Gained mutation: You have large cloven feet. [demonic
                  | ancestry]
    77 | D:1      | Reached XP level 2. HP: 19/21 MP: 5/5
   181 | D:1      | Slain by a hobgoblin

Levels and vault maps discovered:
D:1:      dpeg_arrival_rooms_b, layout_loops_ring, st_stairs_10,
          minmay_misc_feat_secret_circle

Skill      XL: |  1 |
---------------+----+-----
Fighting       | 1 |  1.3
Dodging        | 1 |  1.1
Maces & Flails | |  1.7
Armour         | |  1.0
Stealth        | |  1.0
Shields        | |  1.0
Spellcasting   | |  2.0
Charms         | |  1.7
Fire Magic     | |  1.0

Action                   || total
-------------------------++-------
Melee: Mace              ||    30
       Kick              ||     1
Armor: Robe              ||     6
Dodge: Dodged            ||    19
